 Dungeon Crawl Stone Soup version 0.27-a0-1140-g099f9bb0e8 (webtiles) character file.

Game seed: 14594329488495116175

7 leviel the Shield-Bearer (level 1, -2/19 HPs)
             Began as a Minotaur Fighter on May 8, 2021.
             Slain by Robin
             ... wielding a +0 spear
              (5 damage)
             ... on level 2 of the Dungeon.
             The game lasted 00:00:26 (139 turns).

leviel the Shield-Bearer (Minotaur Fighter)          Turns: 139, Time: 00:00:26

Health: -2/19      AC:  6    Str: 20    XL:     1   Next: 91%
Magic:  0/0        EV:  7    Int:  5    God:
Gold:   0          SH:  9    Dex:  9    Spells: 0/0 levels left

rFire    . . .     SeeInvis .   a - +0 war axe
rCold    . . .     Faith    .   c - +0 kite shield
rNeg     . . .     Spirit   .   b - +0 scale mail
rPois    .         Reflect  .   (helmet restricted)
rElec    .         Harm     .   (no cloak)
rCorr    .         Rampage  .   (no gloves)
Will     .....                  (no boots)
Stlth    ..........             (no amulet)
HPRegen  0.06/turn              (no ring)
MPRegen  0.07/turn              (no ring)

@: mighty
A: horns 2, retaliatory headbutt
a: no special abilities


You were on level 2 of the Dungeon.
You visited 1 branch of the dungeon, and saw 2 of its levels.

Inventory:

Hand Weapons
 a - a +0 war axe (weapon)
Armour
 b - a +0 scale mail (worn)
 c - a +0 kite shield (worn)
Potions
 d - a potion of might


   Skills:
 - Level 3.6 Fighting
 + Level 3.3 Axes
 - Level 3.6 Armour
 - Level 3.6 Shields


You couldn't memorise any spells.
You didn't know any spells.
Your spell library was empty.

Dungeon Overview and Level Annotations

Branches:
Dungeon (1/15)

Altars:

Annotations:
D:2 Robin


Innate Abilities, Weirdness & Mutations

You have a pair of horns on your head.
You reflexively headbutt those who attack you in melee.


Message History

Your Axes skill increases to level 3!
The goblin unwields a +0 hunting sling.
The goblin wields a +0 club.
The goblin hits you but does no damage. Robin throws the goblin at you!
The goblin barely misses you.
Things that are here:
a +0 dagger; a goblin corpse You closely miss the goblin.
You hit the goblin but do no damage.
A hobgoblin comes into view.
The goblin hits you with a +0 club. You block the goblin's attack.
The goblin closely misses you. Robin throws the goblin at you!
You slash the goblin!
You kill the goblin!
You barely miss the goblin. You hit the goblin.
You kill the goblin!
You block the goblin's attack. You block Robin's attack.
You closely miss the goblin. The goblin barely misses you.
You furiously retaliate!
You headbutt the goblin, but do no damage.
Robin throws the goblin at you! You block the goblin's attack.
Robin hits you from afar with a +0 spear.
You are too injured to fight recklessly!
You are too injured to fight recklessly!
You are too injured to fight recklessly!
You are too injured to fight recklessly!
You are too injured to fight recklessly!
You are too injured to fight recklessly!
You are too injured to fight recklessly!
You are too injured to fight recklessly!
You are too injured to fight recklessly!
You are too injured to fight recklessly!
You are too injured to fight recklessly!
You are too injured to fight recklessly!
You are too injured to fight recklessly!
The goblin unwields a +0 club.
The goblin wields a +0 hunting sling.
The goblin shoots a stone.
The stone hits you. Robin hits you with a +0 spear.
* * * LOW HITPOINT WARNING * * *
There is an escape hatch in the floor here.
You feel very mighty all of a sudden.
The goblin shoots a stone.
You block the stone. Robin hits you with a +0 spear.
You die...

#........##.#
#........##.#
########.##.#
#..#.# ##.#.#
#...# ##..##+#
#..)g)########
##..).@gg.....
#>..#########
#...# .....#
......#
.......#
........


You could see Robin, a hobgoblin (strong) and a goblin (strong).

Vanquished Creatures
  An endoplasm (D:1)
  4 goblins (D:2)
  A bat (D:1)
  A rat (D:1)
7 creatures vanquished.

Notes
Turn   | Place    | Note
-------+----------+-------------------------------------------
     0 | D:1      | leviel the Minotaur Fighter began the quest for the Orb.
     0 | D:1      | Reached XP level 1. HP: 19/19 MP: 0/0
   116 | D:1      | You fall into a shaft and drop 1 floor!
   130 | D:2      | Noticed Robin
   139 | D:2      | Slain by Robin

Illustrated notes

Levels and vault maps discovered:
D:1:      minmay_arrival_open_corners, layout_basic, basic_ecumenical_altar,
          skrybe_limestone_x, hangedman_decor_diamond_cutter
D:2:      layout_basic, uniq_robin

Skill      XL: |  1 |
---------------+----+-----
Axes           | 3 |  3.3
Fighting       | |  3.6
Armour         | |  3.6
Shields        | |  3.6

Action                   || total
-------------------------++-------
Melee: War axe           ||     9
       Headbutt          ||     2
  Use: Potion            ||     1
Armor: Scale mail        ||     3
Dodge: Dodged            ||     5
Block: Kite shield       ||     9

Table legend: (Time is in decaauts)
 A = Elapsed time spent in this place.
 B = Non-inter-level travel time spent in this place.
 C = Inter-level travel time spent in this place.
 D = Time resting spent in this place.
 E = Time spent auto-exploring this place.
 F = Levels seen in this place.
 G = Mean time per level.
                   A        B        C        D        E       F      G
               +--------+--------+--------+--------+--------+-----+--------+
         Total |    144 |    144 |      0 |      0 |    118 |   2 |   72.0 |
       Dungeon |    144 |    144 |      0 |      0 |    118 |   2 |   72.0 |
               +--------+--------+--------+--------+--------+-----+--------+

Top non-repeatable levels by time:
     D:1: 118 daAuts
     D:2: 25 daAuts
